 Dungeon Crawl Stone Soup version 0.29-a0-333-gb4c28e87c6 (webtiles) character file.

Game seed: 6121231509964070535

3023 Jortsu the Cleaver (level 9, -8/68 HPs)
             Began as a Demonspawn Fighter on Apr 13, 2022.
             Was an Elder of Qazlal.
             Mangled by an orc knight
             ... wielding a +0 war axe
              (11 damage)
             ... in a bailey.
             The game lasted 00:09:57 (5782 turns).

Jortsu the Cleaver (Demonspawn Fighter)             Turns: 5782, Time: 00:09:58

Health: -8/68      AC: 12    Str: 26    XL:     9   Next: 55%
Magic:  0/9        EV:  9    Int:  9    God:    Qazlal [****..]
Gold:   353        SH: 16    Dex: 20    Spells: 8/8 levels left

rFire   . . .      SeeInvis .   a - +1 war axe
rCold   . . .      Faith    .   c - +1 buckler
rNeg    . . .      Spirit   +   h - +0 chain mail
rPois   .          Reflect  .   (no helmet)
rElec   .          Harm     .   (no cloak)
rCorr   .          Rampage  .   (no gloves)
Will    .....                   (no boots)
Stlth   ..........              i - amulet of guardian spirit
HPRegen 0.21/turn               A - +6 ring of dexterity
MPRegen 0.11/turn               j - +6 ring of strength

@: repel missiles
A: hooves 2, molten scales 1, powered by death 1, condensation shield
a: Renounce Religion, Upheaval, Elemental Force


You were in a bailey.
You worshipped Qazlal.
Qazlal was greatly pleased with you.
You visited 1 branch of the dungeon, and saw 7 of its levels.
You also visited: Bailey.

You collected 353 gold pieces.

Inventory:

Hand Weapons
 a - a +1 war axe (weapon)
Missiles
 r - a throwing net (quivered)
Armour
 c - a +1 buckler (worn)
 h - a +0 chain mail (worn)
Jewellery
 b - a +6 ring of intelligence
 i - an amulet of guardian spirit (around neck)
 j - a +6 ring of strength (right hand)
 u - a ring of ice
 A - a +6 ring of dexterity (left hand)
Wands
 f - a wand of flame (15)
 x - a wand of paralysis (9)
 z - a wand of acid (11)
Scrolls
 l - a scroll of enchant armour
 n - a scroll of fog
 p - 3 scrolls of teleportation
 v - a scroll of enchant weapon
 y - a scroll of fear
 B - a scroll of holy word {unknown}
Potions
 d - a potion of cancellation {unknown}
 e - a potion of heal wounds {unknown}
 g - a potion of ambrosia {unknown}
 k - 3 potions of curing
 m - a potion of berserk rage {unknown}
 o - a potion of invisibility {unknown}
 q - a potion of attraction
 s - a potion of magic
 t - 2 potions of haste {unknown}
 w - a potion of brilliance {unknown}


   Skills:
 + Level 5.3 Fighting
 + Level 8.6 Axes
 + Level 6.1 Armour
 + Level 2.2 Dodging
 + Level 0.7 Stealth
 + Level 5.6 Shields


You had 8 spell levels left.
You didn't know any spells.
Your spell library contained the following spells:

 Spells                   Type           Power      Damage    Failure   Level
 Ensorcelled Hibernation  Hex/Ice        0%         N/A       99%         2
 Passwall                 Tmut/Erth      0%         N/A       99%         2
 Sublimation of Blood     Necr           0%         N/A       99%         2
 Conjure Flame            Conj/Fire      0%         6-21      100%        3
 Ignite Poison            Fire/Tmut/Pois 0%         N/A       100%        3
 Swiftness                Air            0%         N/A       100%        3
 Fulminant Prism          Conj/Hex       0%         3d6       100%        4
 Iskenderun's Mystic Bla  Conj/Tloc      0%         2d3       100%        4
 Sticky Flame             Conj/Fire      0%         2d3       100%        4
 Lee's Rapid Deconstruct  Erth           0%         3d5*      100%        5


Dungeon Overview and Level Annotations

Branches:
Dungeon (7/15)             Temple (0/1) D:5          Bailey (1/1)

Altars:
Qazlal
Zin


Innate Abilities, Weirdness & Mutations

You have hoof-like feet.
You are partially covered in molten scales. (AC +2)
You regenerate a little health from kills.
A meltable shield of frost defends you. (SH +4)


Message History

The kobold throws a boomerang.
You block the boomerang.
Items here: ( ) [ †.
Okay, then.
The orc knight is engulfed in freezing vapours.
The kobold throws a boomerang.
The boomerang closely misses you.
You slash the orc warrior! You kick the orc warrior!
The orc warrior is almost dead.
You block the orc warrior's attack.
You slash the orc warrior!
You kill the orc warrior!
Qazlal accepts your kill.
You hear a splash. x2
The kobold throws a boomerang.
You block the boomerang.
You hit the orc knight. Your kick misses the orc knight.
The orc knight is moderately wounded.
You hit the orc knight but do no damage.
You kick the orc knight!
The orc knight is moderately wounded.
You block the orc knight's attack.
You hit the orc knight.
The orc knight is heavily wounded.
The orc knight splashes around in the water.
You hit the orc knight. Your kick misses the orc knight.
The orc knight is heavily wounded.
The sentinel's mark upon you fades away.
The orc knight hits you with a +0 war axe!!
* * * LOW HITPOINT WARNING * * *
You hit the orc knight.
The orc knight is heavily wounded.
The orc knight splashes around in the water.
The kobold throws a boomerang.
You block the boomerang.
The orc knight splashes around in the water.
You slash the orc knight! Your kick misses the orc knight.
The orc knight is severely wounded.
The orc knight hits you but does no damage.
You hit the orc knight but do no damage.
You kick the orc knight.
The orc knight is severely wounded.
The orc knight hits you with a +0 war axe!
You die...

##'#.........##
#o.#.).)⌠.....#
#..###().....##
####'####o.#)(.)...###
.^...o..g..###......#####
####'####..#..oo.≈≈≈≈≈≈≈≈
#....o..####.≈≈g○≈≈≈≈≈≈#
K#...[go.#K≈≈≈☼§≈o°...###
≈#########≈≈≈≈≈.@)°(.##
≈≈≈≈≈≈≈≈≈≈≈≈≈.°.(.☼.##
#.≈≈≈≈≈≈≈≈........###
#.............####
#..∩......####
##.......### ##.....####
#...#### ...##


You could see an orc knight, an orc warrior (strong), an orc (strong), a
hobgoblin and a kobold.

Vanquished Creatures
  An orc knight (Bailey)
  Sigmund (D:2)
  A steam dragon (D:6)
  4 orc warriors (Bailey)
  3 sky beasts
  An ice beast (D:7)
  3 ogres
  A phantom (D:6)
  A kobold brigand (D:7)
  A bullfrog (D:7)
  2 scorpions
  5 wights (D:7)
  An electric eel (D:6)
  3 orc priests
  3 hounds
  2 jellies
  Terence (D:2)
  Jessica (D:2)
  6 iguanas
  5 gnolls
  4 adders
  A shadow imp (D:5)
  5 ufetubi
  2 worms (D:3)
  3 dart slugs (D:1)
  13 orcs
  4 bats
  5 endoplasms
  4 giant cockroaches
  14 goblins
  8 hobgoblins
  4 jackals (D:1)
  5 quokkas
  9 ball pythons
  3 frilled lizards
  18 kobolds
  4 rats
152 creatures vanquished.

Notes
Turn   | Place    | Note
-------+----------+-------------------------------------------
     0 | D:1      | Jortsu the Demonspawn Fighter began the quest for the Orb.
     0 | D:1      | Reached XP level 1. HP: 18/18 MP: 1/1
   181 | D:1      | Gained mutation: A meltable shield of frost defends you.
                  | (SH +4) [demonic ancestry]
   181 | D:1      | Reached XP level 2. HP: 24/24 MP: 2/2
   424 | D:1      | Reached skill level 2 in Axes
   627 | D:1      | Reached XP level 3. HP: 22/29 MP: 3/3
   861 | D:1      | Found a faded altar of an unknown god.
   872 | D:1      | Prayed at the altar of an unknown god.
   872 | D:1      | Became a worshipper of Qazlal Stormbringer
   872 | D:1      | Reached * piety under Qazlal
  1242 | D:2      | Noticed Terence
  1260 | D:2      | Killed Terence
  1261 | D:2      | Gained mutation: You regenerate a little health from kills.
                  | [demonic ancestry]
  1261 | D:2      | Reached XP level 4. HP: 17/35 MP: 1/4
  1474 | D:2      | Noticed Sigmund
  1482 | D:2      | Killed Sigmund
  1483 | D:2      | Reached skill level 4 in Axes
  1483 | D:2      | Reached XP level 5. HP: 36/41 MP: 5/5
  1693 | D:2      | Noticed Jessica
  1702 | D:2      | Killed Jessica
  1715 | D:2      | Got Jessica's Almanac of Sinister Rites
  2430 | D:3      | Gained mutation: You have large cloven feet. [demonic
                  | ancestry]
  2430 | D:3      | Reached XP level 6. HP: 44/47 MP: 6/6
  2831 | D:3      | Reached ** piety under Qazlal
  3224 | D:5      | Entered Level 5 of the Dungeon
  3291 | D:5      | Reached skill level 5 in Axes
  3405 | D:5      | Reached XP level 7. HP: 51/54 MP: 7/7
  3430 | D:5      | Found a staircase to the Ecumenical Temple.
  3922 | D:6      | Reached skill level 6 in Axes
  4099 | D:6      | Gained mutation: You are partially covered in molten
                  | scales. (AC +2) [demonic ancestry]
  4099 | D:6      | Reached XP level 8. HP: 32/61 MP: 4/8
  4247 | D:6      | Reached *** piety under Qazlal
  4662 | D:6      | Reached skill level 1 in Dodging
  4791 | D:6      | Reached skill level 5 in Armour
  5018 | D:6      | Reached skill level 7 in Axes
  5416 | D:7      | Reached skill level 5 in Fighting
  5416 | D:7      | Gained mutation: You have hoof-like feet. [demonic
                  | ancestry]
  5416 | D:7      | Reached XP level 9. HP: 9/64 MP: 2/9
  5550 | D:7      | Reached skill level 5 in Shields
  5573 | D:7      | Found a flagged portal.
  5579 | Bailey   | Entered a bailey
  5596 | Bailey   | Identified the +3 spear of Tuitojot {vamp, Dex+6}
  5625 | Bailey   | Reached **** piety under Qazlal
  5651 | Bailey   | Noticed an orc knight
  5663 | Bailey   | Killed an orc knight
  5664 | Bailey   | Reached skill level 8 in Axes
  5752 | Bailey   | Noticed an orc knight
  5779 | Bailey   | HP: 2/68 [orc knight/+0 war axe (22)]
  5782 | Bailey   | Mangled by an orc knight

Illustrated notes

Levels and vault maps discovered:
D:1:      dpeg_arrival_signposts, layout_loops_ring,
          chequers_ecumenical_altar_island, minmay_split_cup_small
D:2:      layout_basic, kennysheep_jessica_study, uniq_sigmund, uniq_jessica,
          uniq_terence
D:3:      layout_basic
D:4:      layout_basic
D:5:      layout_cave_pods, lemuel_tele_altar, minmay_temple_entry_slanted,
          minmay_misc_feat_plants
D:6:      layout_basic, nrook_pool_corridor
D:7:      minmay_the_grid_triangle_9x9_recursive_2
          [minmay_the_grid_triangle_9x9_prize_insulated,
          minmay_the_grid_triangle_9x9_thin_v,
          minmay_the_grid_triangle_9x9_checkered,
          minmay_the_grid_triangle_9x9_zippers_vertical], layout_rooms,
          enter_bailey_3
Bailey:   bailey_axe_4, bailey

Skill      XL: |  1  2  3  4  5  6  7  8  9 |
---------------+----------------------------+-----
Armour         | 3 4 5 6 |  6.1
Axes           | 2 4 5 6 7 8 |  8.6
Shields        | 3 4 5 |  5.6
Fighting       | 4 5 |  5.3
Dodging        | 1 2 |  2.2
Stealth        | |  0.7

Action                   |  1- 3 |  4- 6 |  7- 9 || total
-------------------------+-------+-------+-------++-------
Melee: War axe           |    90 |    79 |   225 ||   394
       Kick              |       |    12 |    58 ||    70
  Use: Scroll            |     2 |     5 |     5 ||    12
       Potion            |       |     1 |     1 ||     2
Armor: Scale mail        |    29 |       |       ||    29
       Chain mail        |    16 |    20 |    61 ||    97
Dodge: Dodged            |    20 |    20 |    53 ||    93
Block: Buckler           |    54 |    45 |   160 ||   259

Table legend: (Time is in decaauts)
 A = Elapsed time spent in this place.
 B = Non-inter-level travel time spent in this place.
 C = Inter-level travel time spent in this place.
 D = Time resting spent in this place.
 E = Time spent auto-exploring this place.
 F = Levels seen in this place.
 G = Mean time per level.
                   A        B        C        D        E       F      G
               +--------+--------+--------+--------+--------+-----+--------+
         Total |   5896 |   5814 |     82 |    398 |   4153 |   8 |  737.0 |
       Dungeon |   5682 |   5600 |     82 |    336 |   4153 |   7 |  811.7 |
        Bailey |    214 |    214 |      0 |     62 |      0 |   1 |  214.0 |
               +--------+--------+--------+--------+--------+-----+--------+

Top non-repeatable levels by time:
     D:6: 1451 daAuts
     D:2: 1279 daAuts
     D:1: 1094 daAuts
     D:5: 702 daAuts
     D:3: 555 daAuts
     D:4: 360 daAuts
     D:7: 238 daAuts
  Bailey: 214 daAuts
